 Dungeon Crawl Stone Soup version 0.30.1 (webtiles) character file.

Game seed: 6083300472627450681

734 GloriousHammer the Firebug (level 7, -7/36 HPs)
             Began as a Tengu Fire Elementalist on July 3, 2023.
             Was an Initiate of Gozag.
             Killed by divine providence
             ... invoked by an orc priest
              (12 damage)
             ... on level 6 of the Dungeon.
             The game lasted 00:11:44 (6214 turns).

GloriousHammer the Firebug (TeFE)                   Turns: 6214, Time: 00:11:45

Health: -7/36      AC:  2    Str:  8    XL:     7   Next: 74%
Magic:  5/14       EV: 14    Int: 18    God:    Gozag
Gold:   327        SH:  3    Dex: 14    Spells: 4/14 levels left

rFire   . . .        w - +2 dagger (venom)
rCold   + . .        A - +0 buckler
rNeg    . . .        q - +0 robe {rC+}
rPois   .            (helmet restricted)
rElec   +            (no cloak)
rCorr   .            (no gloves)
SInv    .            (boots unavailable)
Will    +....        (no amulet)
Stlth   ++           W - ring of willpower
HPRegen 0.26/turn    (no ring)
MPRegen 0.14/turn

%: random rage (3%)
@: gold aura, flying quickly and evasively, quick
A: beak, talons 3, nimble flight, berserk 1, electricity resistance
a: Renounce Religion, Potion Petition, Call Merchant, Bribe Branch


You were on level 6 of the Dungeon.
You worshipped Gozag.
Gozag was aware of your devotion.
You visited 1 branch of the dungeon, and saw 6 of its levels.

You collected 500 gold pieces.
You spent 122 gold pieces at shops.
You paid 51 gold pieces to Gozag.

Inventory:

Hand Weapons
 m - a +0 sling
 w - a +2 dagger of venom (weapon)
Missiles
 c - 3 javelins
 h - 2 poisoned darts
Armour
 q - a +0 robe of cold resistance (worn)
 A - a +0 buckler (worn)
Jewellery
 W - a ring of willpower (left hand)
Wands
 k - a wand of digging (7)
Scrolls
 a - a scroll of acquirement {unknown}
 d - 10 scrolls of identify {unknown}
 e - a scroll of enchant armour {unknown}
 f - a scroll of torment {unknown}
 g - 2 scrolls of poison {unknown}
 i - a scroll of amnesia {unknown}
 l - 3 scrolls of fear {unknown}
 p - 2 scrolls of vulnerability {unknown}
 t - 2 scrolls of magic mapping {unknown}
 u - a scroll of teleportation {unknown}
 x - 2 scrolls of enchant weapon {unknown}
 y - a scroll of immolation {unknown}
 B - a scroll of blinking {unknown}
Potions
 b - a potion of magic
 j - a potion of heal wounds {unknown}
 n - a potion of attraction {unknown}
 o - 3 potions of curing {unknown}
 r - 3 potions of lignification {unknown}
 s - a potion of flight {unknown}
 v - a potion of might {unknown}
 z - a potion of ambrosia {unknown}
 C - a potion of resistance {unknown}


   Skills:
 - Level 2.3 Dodging
 - Level 2.1 Stealth
 + Level 0.6 Shields
 + Level 4.3 Spellcasting
 + Level 5.7 Conjurations
 + Level 1.9 Hexes
 + Level 5.8 Fire Magic


You had 4 spell levels left.
You knew the following spells:

 Your Spells              Type           Power      Damage    Failure   Level
a - Foxfire               Conj/Fire      96%        2x1d8     2%          1
b - Scorch                Fire           48%        2d7       3%          2
c - Inner Flame           Hex/Fire       17%        N/A       14%         3
d - Flame Wave            Conj/Fire      24%        2d8       22%         4

Your spell library contained the following spells:

 Spells                   Type           Power      Damage    Failure   Level
 Kiss of Death            Conj/Necr      56%        2d9       7%          1
 Volatile Blastmotes      Fire/Tloc      28%        2d12      22%         3
 Confusing Touch          Hex            11%        N/A       30%         3
 Dispel Undead            Necr           3%         3d7       92%         4


Dungeon Overview and Level Annotations

Branches:
Dungeon (6/15)             Temple (0/1) D:5

Altars:
Cheibriados
Gozag
Zin
The Shining One

Shops:
D:3 [

Annotations:
D:1 exclusion: 2 downstairs
D:3 exclusion: downstairs
D:5 exclusion: 2 downstairs


Innate Abilities, Weirdness & Mutations

You have a beak for a mouth.
You have claws for feet.
Your magical nature lets you fly swiftly and evasively.
You sometimes lose your temper in combat.
You are resistant to electric shocks. (rElec)


Message History

The orc warrior is lightly wounded.
Casting: Foxfire (safe; 2% risk of failure)
Confirm with . or Enter, or press ? or * to list all spells.
You conjure some foxfire!
The orc warrior closely misses you.
The orc is no longer distracted by gold.
The foxfire hits the orc warrior but does no damage.
The orc warrior is lightly wounded.
The foxfire hits the orc warrior but does no damage.
The orc warrior is lightly wounded.
The orc warrior is distracted by your dazzling golden aura.
The orc warrior shouts!
Casting: Foxfire (safe; 2% risk of failure)
Confirm with . or Enter, or press ? or * to list all spells.
You conjure some foxfire!
You hear an angry growl.
The orc warrior is no longer distracted by gold.
The orc warrior is no longer more vulnerable to fire.
The foxfire hits the orc warrior.
The orc warrior is lightly wounded.
The foxfire hits the orc warrior.
The orc warrior is moderately wounded.
There is a stone staircase leading up here.
Casting: Foxfire (safe; 2% risk of failure)
Confirm with . or Enter, or press ? or * to list all spells.
You conjure some foxfire!
You block the orc warrior's attack.
The foxfire hits the orc warrior but does no damage.
The orc warrior is moderately wounded.
The foxfire hits the orc warrior.
The orc warrior is moderately wounded.
The orc warrior completely misses you.
You fly upwards.
There is a stone staircase leading down here.
You start resting.
HP restored.
You start resting.
Magic restored.
You start waiting.
Done waiting.
Press: ? - help, v - describe, . - travel A stone staircase leading down.
Placed new exclusion.
Reduced exclusion size to a single square.
(D) Dungeon (T) Temple
Where to? (Enter - D:6, ? - help)
There is a stone staircase leading down here.
You fly downwards.
There is a stone staircase leading up here.
C - a glowing pink potion You now have 327 gold pieces (gained 9).
Found a dagger.
You see here a +0 dagger.
There is a shaft here.
There is a shaft here.
You see here a +0 dagger.
Found a stone.
The orc warrior shouts!
An ogre comes into view. It is wielding a +0 giant club.
Casting: Foxfire (safe; 2% risk of failure)
Confirm with . or Enter, or press ? or * to list all spells.
You can't see any susceptible monsters within range! (Use Z to cast anyway.)
Casting: Foxfire (safe; 2% risk of failure)
Confirm with . or Enter, or press ? or * to list all spells.
You conjure some foxfire!
The ogre shouts!
You hear a shout!
An orc comes into view. It is wielding a +0 hand axe.
An orc wizard comes into view. It is wielding a +0 dagger.
Casting: Foxfire (safe; 2% risk of failure)
Confirm with . or Enter, or press ? or * to list all spells.
You conjure some foxfire!
The foxfire hits the ogre.
The ogre is moderately wounded.
The foxfire hits the ogre.
The ogre is moderately wounded.
An orc wizard comes into view. It is wielding a +0 dagger.
The orc wizard gestures wildly while chanting.
The orc wizard flickers and vanishes!
Deactivating autopickup; reactivate with Ctrl-A.
The foxfire hits the ogre.
The ogre is moderately wounded.
The foxfire hits the ogre.
The ogre is heavily wounded.
The orc wizard casts a spell.
The orc wizard flickers and vanishes!
The ogre closely misses you.
Casting: Foxfire (safe; 2% risk of failure)
Confirm with . or Enter, or press ? or * to list all spells.
Flames lash the ogre.
The ogre is heavily wounded.
The ogre's fire resistance burns away.
The ogre is no longer more vulnerable to fire.
Casting: Scorch (safe; 3% risk of failure)
Confirm with . or Enter, or press ? or * to list all spells.
You conjure some foxfire!
The foxfire hits the ogre!
The ogre is severely wounded.
The foxfire hits the ogre.
You kill the ogre!
There is a stone staircase leading up here.
Casting: Foxfire (safe; 2% risk of failure)
Confirm with . or Enter, or press ? or * to list all spells.
Flames lash the orc warrior.
The orc warrior is lightly wounded.
The orc warrior's fire resistance burns away.
Casting: Scorch (safe; 3% risk of failure)
Confirm with . or Enter, or press ? or * to list all spells.
Flames lash the orc warrior.
The orc warrior is burned terribly!
The orc warrior is moderately wounded.
The orc warrior completely misses you.
Casting: Scorch (safe; 3% risk of failure)
Confirm with . or Enter, or press ? or * to list all spells.
You conjure some foxfire!
The orc warrior hits you from afar with a +0 glaive!!
Ouch! That really hurt!
The foxfire hits the orc warrior but does no damage.
The orc warrior is moderately wounded.
The foxfire hits the orc warrior but does no damage.
The orc warrior is moderately wounded.
The orc warrior closely misses you.
You fly upwards.
Level annotation: exclusion: downstairs Reactivating autopickup.
There is a stone staircase leading down here.
You start resting.
Magic restored.
You start resting.
HP restored.
You start waiting.
Done waiting.
There is a stone staircase leading down here.
Press: ? - help, v - describe, . - travel A stone staircase leading down.
Placed new exclusion.
Reduced exclusion size to a single square.
(D) Dungeon (T) Temple
Where to? (Enter - D:6, ? - help)
Okay, then.
You can't go down here!
There is a stone staircase leading down here.
You fly downwards.
An orc priest comes into view. It is wielding a +0 flail.
There is a stone staircase leading up here.
An orc comes into view. It is wielding a +0 trident.
Found a stone staircase leading down.
Unknown command.
Casting: Foxfire (safe; 2% risk of failure)
Confirm with . or Enter, or press ? or * to list all spells.
Flames lash the orc.
You kill the orc!
The orc priest shouts!
The orc priest invokes the aid of Beogh against you.
Beogh smites you!
Casting: Scorch (safe; 3% risk of failure)
Confirm with . or Enter, or press ? or * to list all spells.
You can't see any susceptible monsters within range! (Use Z to cast anyway.) Unknown command.
Casting: Scorch (safe; 3% risk of failure)
Confirm with . or Enter, or press ? or * to list all spells.
You conjure some foxfire!
An orc comes into view. It is wielding a +0 club.
A sky beast comes into view.
The foxfire hits the orc priest but does no damage.
The foxfire hits the orc priest.
The orc priest is moderately wounded.
Casting: Foxfire (safe; 2% risk of failure)
Confirm with . or Enter, or press ? or * to list all spells.
You conjure some foxfire!
Casting: Foxfire (safe; 2% risk of failure)
Confirm with . or Enter, or press ? or * to list all spells.
Flames lash the orc priest.
The orc priest is heavily wounded.
The orc priest's fire resistance burns away.
You hear a shout!
The foxfire hits the orc priest.
The orc priest is burned terribly!
The orc priest is severely wounded.
The foxfire hits the orc priest but does no damage.
The orc priest is severely wounded.
You hear a shout!
The orc priest hits you with a +0 flail.
Casting: Scorch (safe; 3% risk of failure)
Confirm with . or Enter, or press ? or * to list all spells.
Flames lash the sky beast.
The sky beast is lightly wounded.
The sky beast's fire resistance burns away.
The orc priest closely misses you.
The orc priest is no longer more vulnerable to fire.
Casting: Scorch (safe; 3% risk of failure)
Confirm with . or Enter, or press ? or * to list all spells.
Flames lash the orc.
You kill the orc!
The orc priest invokes the aid of Beogh against you.
Beogh smites you!
* * * LOW HITPOINT WARNING * * *
The sky beast hits you.
* * * LOW HITPOINT WARNING * * *
The sky beast shocks you. You resist.
* * * LOW HITPOINT WARNING * * *
The sky beast is no longer more vulnerable to fire.
The orc priest mumbles some strange prayers to Beogh against you.
Beogh smites you!
You die...
Your body crumbles into a pile of gold.

##.#.#).. #####..#....#
......$..[. ..$...$..#
### . ...$...o#
...###.##..####.#
!...#..#(.# #Y#
......##.## #.##
...#..#..# #.@##
.........# #...#
.........#######..###
.....<..............
..#.......######...#
.###.##..........#.###..
..##...##....##........
.........#.#.......## #
....{....${........###...


You could see a sky beast and an orc priest.

Vanquished Creatures
  Sigmund (D:2)
  An ogre (D:6)
  A scorpion (D:5)
  A howler monkey (D:5)
  A jelly (D:5)
  An orc priest (D:4)
  2 hounds (D:5)
  4 orc wizards (D:4)
  An adder (D:3)
  7 gnolls
  2 ufetubi
  4 worms (D:3)
  3 dart slugs
  7 orcs
  6 endoplasms
  5 goblins
  7 hobgoblins
  6 jackals
  5 kobolds
  3 quokkas
  6 ball pythons
  2 bats
  2 frilled lizards
  A rat (D:3)
79 creatures vanquished.

Vanquished Creatures (others)
  180 foxfires
180 creatures vanquished.

Grand Total: 259 creatures vanquished

Notes
Turn   | Place    | Note
-------+----------+-------------------------------------------
     0 | D:1      | GloriousHammer the Tengu Fire Elementalist began the quest
                  | for the Orb.
     0 | D:1      | Reached XP level 1. HP: 10/10 MP: 4/4
   255 | D:1      | Reached XP level 2. HP: 12/15 MP: 0/6
   388 | D:1      | Learned a level 2 spell: Scorch
  1118 | D:2      | Reached XP level 3. HP: 19/19 MP: 3/7
  1320 | D:2      | Noticed Sigmund
  1327 | D:2      | Gained mutation: You sometimes lose your temper in combat.
                  | [potion of mutation]
  1327 | D:2      | Gained mutation: You are resistant to electric shocks.
                  | (rElec) [potion of mutation]
  1657 | D:2      | Killed Sigmund
  1658 | D:2      | Reached XP level 4. HP: 14/24 MP: 0/10
  1658 | D:2      | Gained mutation: Your magical nature lets you fly swiftly
                  | and evasively. [Tengu growth]
  1658 | D:2      | Reached XP level 5. HP: 16/28 MP: 0/11
  2120 | D:2      | Learned a level 3 spell: Inner Flame
  2125 | D:2      | Learned a level 4 spell: Flame Wave
  2318 | D:3      | Reached XP level 6. HP: 27/32 MP: 0/12
  2627 | D:3      | Found a faded altar of an unknown god.
  3083 | D:3      | Found a glowing silver altar of Zin.
  3083 | D:3      | Found an opulent altar of Gozag.
  3162 | D:3      | Found Ugegaq's Antique Armour Shoppe.
  3170 | D:3      | Bought a runed robe for 122 gold pieces
  3499 | D:3      | Reached skill level 5 in Fire Magic
  3864 | D:3      | Became a worshipper of Gozag Ym Sagoz the Greedy
  4335 | D:4      | Reached skill level 1 in Hexes
  4354 | D:4      | Reached skill level 5 in Conjurations
  4354 | D:4      | Reached XP level 7. HP: 36/36 MP: 0/13
  4815 | D:5      | Entered Level 5 of the Dungeon
  4956 | D:5      | Found a staircase to the Ecumenical Temple.
  5566 | D:5      | Found a glowing golden altar of the Shining One.
  5567 | D:5      | Found a snail-covered altar of Cheibriados.
  6214 | D:6      | Killed from afar by an orc priest

Illustrated notes

Levels and vault maps discovered:
D:1:      dpeg_arrival_three_smaller_balls, layout_basic
D:2:      layout_rooms, uniq_sigmund
D:3:      layout_loops_cross, grunt_temple_overflow_gold_and_silver,
          serial_shops, nicolae_diamond_shop, basic_ecumenical_altar,
          grunt_ministairs_7
D:4:      layout_rooms, serial_curves, eino_curves_02, eino_curves_04
D:5:      layout_rooms, nicolae_overflow_squiral, minmay_temple_entry_tees,
          chequers_jeans, nrook_mini_backslash
D:6:      layout_rooms, lemuel_doored_altar, kennysheep_little_box

Skill      XL: |  1  2  3  4  5  6  7 |
---------------+----------------------+-----
Conjurations   | 2 4 5 |  5.7
Spellcasting   | 3 4 |  4.3
Fire Magic     | 4 5 |  5.8
Hexes          | 1 |  1.9
Dodging        | |  2.3
Stealth        | |  2.1
Shields        | |  0.6

Action                     |  1- 3 |  4- 6 |  7- 9 || total
---------------------------+-------+-------+-------++-------
  Melee: Mace              |     3 |     5 |     1 ||     9
         Peck              |     1 |       |       ||     1
         Kick              |       |     2 |     1 ||     3
   Cast: Foxfire           |    47 |    50 |    23 ||   120
         Scorch            |     8 |    39 |    19 ||    66
    Use: Potion            |     3 |       |       ||     3
 Armour: Robe              |     2 |     1 |     1 ||     4
  Dodge: Dodged            |    13 |    12 |     9 ||    34
  Block: Buckler           |       |       |     1 ||     1
